% Time on Ice - COLORADO GLACIERCATS
Lines # - Real PCT - Wanted PCT - Time Play
Normal Forward
1 - 36% - 35% - 17:09
2 - 33% - 33% - 15:59
3 - 28% - 27% - 13:31
4 - 3% - 5% - 1:26
Normal Defense
1 - 38% - 40% - 18:19
2 - 36% - 36% - 17:11
3 - 26% - 20% - 12:35
4 - 0% - 4% - 0:00
PP Forward
1 - 43% - 50% - 3:27
2 - 57% - 50% - 4:30
PP Defense
1 - 60% - 50% - 4:45
2 - 40% - 50% - 3:12
PK Forward
1 - 50% - 50% - 1:59
2 - 50% - 50% - 1:59
PK Defense
1 - 39% - 50% - 1:33
2 - 61% - 50% - 2:25
PK3 Forward
1 - 0% - 50%
2 - 0% - 50%
PK3 Defense
1 - 0% - 50%
2 - 0% - 50%
44 Forward
1 - 0% - 50%
2 - 0% - 50%
44 Defense
1 - 0% - 45%
2 - 0% - 55%
Last Minute Offensive  - 0:00
Last Minute Defensive  - 0:00
Total
Forward - 60:00
Defense - 60:00
% Time on Ice - SAN DIEGO THUNDER
Lines # - Real PCT - Wanted PCT - Time Play
Normal Forward
1 - 35% - 36% - 16:48
2 - 35% - 31% - 16:50
3 - 24% - 23% - 11:45
4 - 6% - 10% - 2:42
Normal Defense
1 - 36% - 36% - 17:26
2 - 32% - 31% - 15:26
3 - 28% - 23% - 13:41
4 - 3% - 10% - 1:32
PP Forward
1 - 58% - 55% - 2:19
2 - 42% - 45% - 1:39
PP Defense
1 - 58% - 55% - 2:19
2 - 42% - 45% - 1:39
PK Forward
1 - 64% - 55% - 5:03
2 - 36% - 45% - 2:54
PK Defense
1 - 50% - 55% - 3:59
2 - 50% - 45% - 3:58
PK3 Forward
1 - 0% - 55%
2 - 0% - 45%
PK3 Defense
1 - 0% - 55%
2 - 0% - 45%
44 Forward
1 - 0% - 55%
2 - 0% - 45%
44 Defense
1 - 0% - 55%
2 - 0% - 45%
Last Minute Offensive  - 0:00
Last Minute Defensive  - 0:00
Total
Forward - 60:00
Defense - 60:00
Play-by-Play 1st period 0:01 of 1st period - Logan Couture wins face-off versus Tage Thompson in neutral zone. 0:04 of 1st period - Shot by Logan Couture. 0:04 of 1st period - Stopped by Andrei Vasilevskiy without a rebound. 0:05 of 1st period - Tomas Hertl wins face-off versus Frank Vatrano in COLORADO GLACIERCATS zone. 1:05 of 1st period - Icing by Connor Murphy. 1:06 of 1st period - Tage Thompson wins face-off versus Frank Vatrano in SAN DIEGO THUNDER zone. 1:45 of 1st period - Shot by Leon Draisaitl. 1:45 of 1st period - Shot Blocked by Connor Murphy. 1:54 of 1st period - Minor Penalty to Leon Draisaitl for Hooking. 1:55 of 1st period - Logan Couture wins face-off versus Tomas Hertl in COLORADO GLACIERCATS zone. 2:00 of 1st period - Shot by Logan Couture. 2:00 of 1st period - Stopped by Andrei Vasilevskiy without a rebound. 2:01 of 1st period - Alexander Wennberg wins face-off versus Logan Couture in COLORADO GLACIERCATS zone. 2:01 of 1st period - Alexander Wennberg is hit by Drake Batherson. 2:19 of 1st period - Shot by Charles McAvoy. 2:19 of 1st period - Stopped by Andrei Vasilevskiy without a rebound. 2:20 of 1st period - Logan Couture wins face-off versus Alexander Wennberg in COLORADO GLACIERCATS zone. 2:20 of 1st period - Logan Couture is hit by Kristopher Letang. 2:22 of 1st period - Shot by Charles McAvoy. 2:22 of 1st period - Stopped by Andrei Vasilevskiy without a rebound. 2:23 of 1st period - Logan Couture wins face-off versus Alexander Wennberg in COLORADO GLACIERCATS zone. 2:24 of 1st period - Shot by Drake Batherson. 2:24 of 1st period - Stopped by Andrei Vasilevskiy with a rebound. 2:34 of 1st period - Shot by Drake Batherson. 2:34 of 1st period - Stopped by Andrei Vasilevskiy with a rebound. 2:36 of 1st period - Shot by Brandon Saad. 2:36 of 1st period - Shot Misses the Net. 2:38 of 1st period - Shot by Charles McAvoy. 2:38 of 1st period - Shot Misses the Net. 2:44 of 1st period - Shot by Brandon Saad. 2:44 of 1st period - Stopped by Andrei Vasilevskiy without a rebound. 2:45 of 1st period - Logan Couture wins face-off versus Tomas Hertl in COLORADO GLACIERCATS zone. 2:46 of 1st period - Shot by Brandon Saad. 2:46 of 1st period - Shot Misses the Net. 2:48 of 1st period - Shot by Brandon Saad. 2:48 of 1st period - Shot Misses the Net. 2:50 of 1st period - Shot by Logan Couture. 2:50 of 1st period - Shot Blocked by Mario Ferraro. 2:52 of 1st period - Shot by Logan Couture. 2:52 of 1st period - Shot Blocked by Mario Ferraro. 3:35 of 1st period - Off-side. 3:36 of 1st period - Frank Vatrano wins face-off versus Tomas Hertl in neutral zone. 4:03 of 1st period - Shot by Jordan Martinook. 4:03 of 1st period - Shot Blocked by Vladislav Gavrikov. 4:05 of 1st period - Shot by Andrew Cogliano. 4:05 of 1st period - Shot Misses the Net. 5:01 of 1st period - Shot by Logan Couture. 5:01 of 1st period - Stopped by Andrei Vasilevskiy without a rebound. 5:02 of 1st period - Alexander Wennberg wins face-off versus Frank Vatrano in COLORADO GLACIERCATS zone. 5:40 of 1st period - Shot by Cole Perfetti. 5:40 of 1st period - Shot Misses the Net. 5:42 of 1st period - Shot by Mario Ferraro. 5:42 of 1st period - Goal by Mario Ferraro - COLORADO GLACIERCATS : 1 - SAN DIEGO THUNDER : 0. 5:43 of 1st period - Logan Couture wins face-off versus Tomas Hertl in neutral zone. 5:51 of 1st period - Logan Couture is hit by Kristopher Letang and loses puck. 5:59 of 1st period - Off-side. 6:00 of 1st period - Adam Ruzicka wins face-off versus Andrew Cogliano in neutral zone. 6:20 of 1st period - Shot by Jordan Martinook. 6:20 of 1st period - Stopped by Andrei Vasilevskiy without a rebound. 6:21 of 1st period - Alexander Wennberg wins face-off versus Logan Couture in COLORADO GLACIERCATS zone. 6:34 of 1st period - Shot by Alexander Wennberg. 6:34 of 1st period - Stopped by Connor Hellebuyck with a rebound. 6:38 of 1st period - Shot by Alexander Wennberg. 6:38 of 1st period - Shot Misses the Net. 7:27 of 1st period - Minor Penalty to Devon Toews for Interference. 7:28 of 1st period - Tomas Hertl wins face-off versus Frank Vatrano in COLORADO GLACIERCATS zone. 7:34 of 1st period - Icing by Jordan Martinook. 7:35 of 1st period - Tomas Hertl wins face-off versus Frank Vatrano in SAN DIEGO THUNDER zone. 7:43 of 1st period - Icing by Connor Murphy. 7:44 of 1st period - Alexander Wennberg wins face-off versus Frank Vatrano in SAN DIEGO THUNDER zone. 7:45 of 1st period - Shot by Bryan Rust. 7:45 of 1st period - Stopped by Connor Hellebuyck with a rebound. 9:51 of 1st period - Shot by Tage Thompson. 9:51 of 1st period - Shot Misses the Net. 9:57 of 1st period - Shot by Jamie Benn. 9:57 of 1st period - Shot Blocked by Adam Boqvist. 10:27 of 1st period - Shot by Bryan Rust. 10:27 of 1st period - Stopped by Connor Hellebuyck without a rebound. 10:28 of 1st period - Frank Vatrano wins face-off versus Alexander Wennberg in SAN DIEGO THUNDER zone. 11:00 of 1st period - Shot by Nino Niederreiter. 11:00 of 1st period - Stopped by Connor Hellebuyck without a rebound. 11:01 of 1st period - Tomas Hertl wins face-off versus Logan Couture in SAN DIEGO THUNDER zone. 11:30 of 1st period - Brandon Saad is hit by Tomas Hertl and loses puck. 11:42 of 1st period - Off-side. 11:43 of 1st period - Tage Thompson wins face-off versus Frank Vatrano in neutral zone. 11:48 of 1st period - Shot by Tage Thompson. 11:48 of 1st period - Stopped by Connor Hellebuyck without a rebound. 11:49 of 1st period - Tage Thompson wins face-off versus Frank Vatrano in SAN DIEGO THUNDER zone. 11:50 of 1st period - Shot by Leon Draisaitl. 11:50 of 1st period - Deflect By Tage Thompson. 11:50 of 1st period - Shot Misses the Net. 12:03 of 1st period - Shot by Luke Kunin. 12:03 of 1st period - Shot Misses the Net. 12:05 of 1st period - Shot by Alexandre Carrier. 12:05 of 1st period - Shot Blocked by Kristopher Letang. 12:07 of 1st period - Shot by Luke Kunin. 12:07 of 1st period - Shot Misses the Net. 12:09 of 1st period - Shot by Frank Vatrano. 12:09 of 1st period - Stopped by Andrei Vasilevskiy with a rebound. 12:11 of 1st period - Shot by Frank Vatrano. 12:11 of 1st period - Shot Misses the Net. 13:08 of 1st period - Shot by Bryan Rust. 13:08 of 1st period - Stopped by Connor Hellebuyck without a rebound. 13:09 of 1st period - Alexander Wennberg wins face-off versus Andrew Cogliano in SAN DIEGO THUNDER zone. 13:14 of 1st period - Shot by Nino Niederreiter. 13:14 of 1st period - Shot Misses the Net. 13:17 of 1st period - Icing by Derek Forbort. 13:18 of 1st period - Andrew Cogliano wins face-off versus Tomas Hertl in SAN DIEGO THUNDER zone. 13:32 of 1st period - Minor Penalty to Andrew Cogliano for Hooking. 13:33 of 1st period - Tage Thompson wins face-off versus Jordan Martinook in SAN DIEGO THUNDER zone. 13:52 of 1st period - Shot by Tage Thompson. 13:52 of 1st period - Shot Misses the Net. 13:54 of 1st period - Shot by Devon Toews. 13:54 of 1st period - Shot Blocked by Charles McAvoy. 14:18 of 1st period - Shot by Jamie Benn. 14:18 of 1st period - Shot Misses the Net. 14:35 of 1st period - Icing by Vince Dunn. 14:36 of 1st period - Tomas Hertl wins face-off versus Isac Lundestrom in COLORADO GLACIERCATS zone. 15:02 of 1st period - Shot by Kristopher Letang. 15:02 of 1st period - Shot Misses the Net. 15:14 of 1st period - Shot by Kristopher Letang. 15:14 of 1st period - Goal by Kristopher Letang - COLORADO GLACIERCATS : 2 - SAN DIEGO THUNDER : 0. 15:15 of 1st period - Logan Couture wins face-off versus Alexander Wennberg in neutral zone. 15:38 of 1st period - Shot by Cole Perfetti. 15:38 of 1st period - Shot Misses the Net. 15:50 of 1st period - Shot by Alexander Wennberg. 15:50 of 1st period - Shot Blocked by Adam Boqvist. 16:11 of 1st period - Shot by Tage Thompson. 16:11 of 1st period - Goal by Tage Thompson - COLORADO GLACIERCATS : 3 - SAN DIEGO THUNDER : 0. 16:12 of 1st period - Tomas Hertl wins face-off versus Andrew Cogliano in neutral zone. 16:23 of 1st period - Shot by Bryan Rust. 16:23 of 1st period - Shot Blocked by Charles McAvoy. 16:30 of 1st period - Icing by Andrew Cogliano. 16:31 of 1st period - Tage Thompson wins face-off versus Andrew Cogliano in SAN DIEGO THUNDER zone. 17:01 of 1st period - Tage Thompson is hit by Erik Cernak and loses puck. 17:07 of 1st period - Icing by Erik Cernak. 17:08 of 1st period - Tomas Hertl wins face-off versus Andrew Cogliano in SAN DIEGO THUNDER zone. 17:10 of 1st period - Blake Wheeler is hit by Erik Cernak and loses puck. 17:25 of 1st period - Shot by Tomas Hertl. 17:25 of 1st period - Stopped by Connor Hellebuyck without a rebound. 17:26 of 1st period - Logan Couture wins face-off versus Alexander Wennberg in SAN DIEGO THUNDER zone. 17:33 of 1st period - Icing by Nino Niederreiter. 17:34 of 1st period - Alexander Wennberg wins face-off versus Logan Couture in COLORADO GLACIERCATS zone. 17:40 of 1st period - Icing by Nino Niederreiter. 17:41 of 1st period - Logan Couture wins face-off versus Alexander Wennberg in COLORADO GLACIERCATS zone. 17:45 of 1st period - Icing by Dylan Samberg. 17:46 of 1st period - Alexander Wennberg wins face-off versus Logan Couture in COLORADO GLACIERCATS zone. 18:11 of 1st period - Shot by Alexander Wennberg. 18:11 of 1st period - Shot Misses the Net. 18:35 of 1st period - Icing by Mario Ferraro. 18:36 of 1st period - Alexander Wennberg wins face-off versus Frank Vatrano in COLORADO GLACIERCATS zone. 18:38 of 1st period - Icing by Cole Perfetti. 18:39 of 1st period - Alexander Wennberg wins face-off versus Frank Vatrano in COLORADO GLACIERCATS zone. 18:39 of 1st period - Alexander Wennberg is hit by Evander Kane. 18:42 of 1st period - Nino Niederreiter is hit by Luke Kunin and loses puck. Goals for this